 Dungeon Crawl Stone Soup version 0.31-a0-1547-g618ab1f346 (webtiles) character file.

Game seed: 9706479897855971178

9137 Arcadio the Fighter (level 11, -3/128 HPs)
             Began as an Oni Cinder Acolyte on Jan 2, 2024.
             Was a Believer of Uskayaw.
             Slain by a two-headed ogre
             ... wielding a +0 giant club
              (19 damage)
             ... on level 10 of the Dungeon.
             The game lasted 00:21:15 (11720 turns).

Arcadio the Fighter (Oni Cinder Acolyte)           Turns: 11720, Time: 00:21:15

Health: -3/128     AC: -1    Str: 24    XL:     11   Next: 41%
Magic:  12/12      EV: 10    Int: 15    God:    Uskayaw [**....]
Gold:   329        SH:  0    Dex:  4    Spells: 10/12 levels left

rFire   . . .        M - +5 battleaxe
rCold   . . .        (shield currently unavailable)
rNeg    + . .        K - +0 troll leather armour
rPois   .            (helmet restricted)
rElec   .            u - +2 cloak
rCorr   .            (gloves unavailable)
SInv    .            (boots unavailable)
Will    +....        (no amulet)
Stlth   +            C - ring of positive energy
HPRegen 1.21/turn    (no ring)
MPRegen 0.13/turn

%: no passive effects
@: corroded
A: large, unfitting armour, horns 1, tough skin 1, double potion healing,
drunken brawling, inability to read after injury 1, persistent drain
a: Renounce Religion, Stomp, Line Pass


You were on level 10 of the Dungeon.
You worshipped Uskayaw.
Uskayaw was noncommittal.
You visited 2 branches of the dungeon, and saw 12 of its levels.
You also visited: Ossuary.

You collected 499 gold pieces.
You spent 170 gold pieces at shops.

Inventory:

Hand Weapons
 a - a -1 hand axe of flaming
 A - a +0 morningstar
 E - a +3 morningstar
 J - the +3 mace of Izolid {chaos, rN+ Int-4 SInv}
   (You found it on level 6 of the Dungeon)

   Int-4:     It affects your intelligence (-4).
   rN+:       It protects you from negative energy.
   SInv:      It lets you see invisible.
 M - a +5 battleaxe (weapon)
Missiles
 Q - a throwing net
Armour
 b - a +0 robe
 f - a +0 kite shield
 u - a +2 cloak (worn)
 K - a +0 troll leather armour (worn)
Jewellery
 t - a +6 ring of dexterity
 C - a ring of positive energy (left hand)
 O - a ring of protection from cold
 P - an amulet of the acrobat
Wands
 g - a wand of roots (10)
 H - a wand of charming (10)
 L - a wand of polymorph (1)
Scrolls
 i - a scroll of summoning {unknown}
 m - 3 scrolls of immolation
 n - 3 scrolls of poison {unknown}
 o - 3 scrolls of noise
 q - 2 scrolls of fear {unknown}
 s - 2 scrolls of vulnerability {unknown}
 w - 9 scrolls of teleportation
 x - 2 scrolls of silence {unknown}
 y - 2 scrolls of brand weapon {unknown}
 F - a scroll of torment {unknown}
 G - 3 scrolls of enchant weapon {unknown}
Potions
 c - 3 potions of cancellation
 d - 2 potions of brilliance {unknown}
 e - 3 potions of curing
 h - 2 potions of berserk rage {unknown}
 k - a potion of haste {unknown}
 l - 3 potions of magic
 p - 2 potions of invisibility
 r - a potion of mutation {unknown}
 v - 2 potions of resistance {unknown}
 z - 2 potions of might {unknown}
 B - 2 potions of attraction {unknown}
 D - 3 potions of lignification {unknown}
 I - a potion of ambrosia {unknown}


   Skills:
 + Level 13.7 Fighting
 + Level 10.6 Axes
 + Level 9.3 Dodging
 - Level 1.2 Spellcasting
 - Level 2.6 Fire Magic


You had 10 spell levels left.
You knew the following spells:

 Your Spells              Type           Power      Damage    Failure   Level
a - Scorch                Fire           16%        2d5       14%         2

Your spell library contained the following spells:

 Spells                   Type           Power      Damage    Failure   Level
 Summon Small Mammal      Summ           0%         N/A       28%         1
 Volatile Blastmotes      Fire/Tloc      8%         2d10      43%         3
 Call Canine Familiar     Summ           0%         N/A       63%         3
 Summon Blazeheart Golem  Fire/Summ      4%         N/A       85%         4
 Fulminant Prism          Conj/Alch      0%         3d5       95%         4
 Iskenderun's Mystic Bla  Conj/Tloc      0%         2d3       95%         4


Dungeon Overview and Level Annotations

Branches:
Dungeon (11/15) Zot: 26054  Temple (1/1) D:5 Zot: 5908    Lair (0/5) D:10
Ossuary (visited)
    Orc: D:9-12

Altars:
Ashenzari
Cheibriados
Dithmenos
Elyvilon
Fedhas
Gozag
Hepliaklqana
Kikubaaqudgha
Makhleb
Nemelex Xobeh
Okawaru
Qazlal
Ru
Sif Muna
Trog
Uskayaw
Vehumet
Wu Jian
Xom
Yredelemnul
Zin
The Shining One

Shops:
D:2 ?   D:5 :


Innate Abilities, Weirdness & Mutations

You are too large for most types of armour.
You have a pair of small horns on your head.
You have tough skin. (AC +1)
You gain doubled healing and magic from potions.
Whenever you drink a healing potion, you attack all around you.
You occasionally lose the ability to read scrolls when taking damage.
Your health recovers twice as slowly from being drained.


Message History

You barely miss the orc.
The orc is almost dead.
You slash something!
Reactivating autopickup.
You feel a bit more experienced. The orc hits you but does no damage.
You slash the orc!
You kill the orc!
You can now pass through a line of other dancers.
Things that are here:
a +0 dagger; a +0 robe; an orc corpse You now have 306 gold pieces (gained 14).
You see here a +0 robe.
You see here a serpent talisman.
You now have 329 gold pieces (gained 23).
You see here a +0 robe.
G - 3 scrolls labelled JECUID MEDIOFE (gained 1)
An acid dragon comes into view.
The acid dragon roars!
A two-headed ogre comes into view. It is wielding two +0 giant clubs.
The acid dragon spits acid at you. The splash of acid hits you.
The acid corrodes you!
You barely miss the acid dragon. The acid dragon spits acid at you.
The splash of acid hits you! The acid corrodes you!
The acid dragon barely misses you. The acid dragon closely misses you.
You barely miss the acid dragon. You slash the two-headed ogre!
The acid dragon bites you. The acid dragon claws you.
The two-headed ogre hits you with a +0 giant club!! x2
You barely miss the acid dragon. You slash the two-headed ogre!
The acid dragon bites you! The acid dragon misses you.
You can now pass through a line of other dancers.
The two-headed ogre attacks as it pursues you!
The two-headed ogre hits you with a +0 giant club!
The two-headed ogre barely misses you.
You slash the two-headed ogre!
The two-headed ogre is severely wounded.
The two-headed ogre hits you with a +0 giant club!
* * * LOW HITPOINT WARNING * * *
The two-headed ogre hits you with a +0 giant club!!
You die...

.......#...#.......# ..
..%....#...#.......####.#.
.......#...#.......>......
.......#...#..............
########...#######........
#...# #........ #...#
#..[..... #
######...#######........ .
..............@OD.#..... .
............####### .##.
#################...# ..##.
.........#...#....#.#."......
.........#.#.#....#.#.......#
........##.#.##.###.#.......#
######..##.#....# #.#.......#
#..##.###### #.#....$.#
#..#..# #.#......


You could see a two-headed ogre and an acid dragon.

Vanquished Creatures
  2 two-headed ogres
  Pikel (D:7)
  A shining eye (D:9)
  Joseph (D:7)
  2 trolls
  Grinder (D:3)
  A hornet (D:7)
  Sigmund (D:2)
  2 wyverns (D:9)
  13 yaks
  13 fire elementals
  2 steam dragons
  2 vampire mosquitoes (D:10)
  2 acid dragons
  2 orc warriors
  3 wolves (D:10)
  A centaur (D:5)
  A lemure (D:7)
  4 kobold brigands
  4 bullfrogs
  2 scorpions
  11 wights
  A burial acolyte (Ossuary)
  6 killer bees (D:9)
  2 electric eels (D:10)
  A howler monkey (D:9)
  2 jellies
  A bombardier beetle (D:4)
  4 hounds
  2 orc priests
  4 iguanas
  Terence (D:2)
  7 orc wizards
  A mummy (Ossuary)
  Robin (D:2)
  A gnoll (D:8)
  9 adders
  2 white imps
  4 ufetubi
  2 dart slugs (D:5)
  3 ribbon worms
  32 orcs
  6 bats
  7 endoplasms
  4 giant cockroaches
  19 goblins
  10 hobgoblins
  25 kobolds
  3 quokkas
  8 ball pythons
  2 frilled lizards (D:3)
  3 gnoll skeletons (Ossuary)
  8 kobold skeletons (Ossuary)
  11 orc skeletons (Ossuary)
  3 rats
267 creatures vanquished.

Vanquished Creatures (others)
  A yak (D:9)
  An orc wizard (D:8)
  An orc (D:8)
  75 foxfires
78 creatures vanquished.

Grand Total: 345 creatures vanquished

Notes
Turn   | Place    | Note
-------+----------+-------------------------------------------
     0 | D:1      | Arcadio the Oni Cinder Acolyte began the quest for the Orb.
     0 | D:1      | Reached XP level 1. HP: 24/24 MP: 2/2
   314 | D:1      | Reached XP level 2. HP: 32/32 MP: 3/3
   503 | D:1      | Reached skill level 1 in Dodging
   761 | D:2      | Found Qiuxon's Magic Scroll Boutique.
   776 | D:2      | Bought a scroll of identify for 20 gold pieces
   847 | D:2      | Noticed Terence
   855 | D:2      | Killed Terence
   856 | D:2      | Reached XP level 3. HP: 37/41 MP: 4/4
   876 | D:2      | Noticed Sigmund
   884 | D:2      | Killed Sigmund
   885 | D:2      | Reached skill level 5 in Fighting
   885 | D:2      | Reached XP level 4. HP: 48/52 MP: 5/5
   885 | D:2      | Reached XP level 5. HP: 55/59 MP: 6/6
   950 | D:2      | Reached XP level 6. HP: 64/67 MP: 7/7
  1060 | D:2      | Reached skill level 6 in Fighting
  1145 | D:2      | Noticed Robin
  1157 | D:2      | Killed Robin
  1735 | D:3      | Noticed Grinder
  2239 | D:3      | Killed Grinder
  2240 | D:3      | Reached skill level 5 in Axes
  2240 | D:3      | Reached XP level 7. HP: 76/76 MP: 8/8
  2303 | D:3      | Reached skill level 7 in Fighting
  2398 | D:3      | Learned a level 2 spell: Scorch
  2913 | D:4      | Found a bloodstained altar of Trog.
  3075 | D:4      | Found a burning altar of Makhleb.
  3294 | D:4      | You fall into a shaft and drop 1 floor!
  3294 | D:5      | Entered Level 5 of the Dungeon
  3389 | D:5      | Reached XP level 8. HP: 69/88 MP: 9/9
  3554 | D:5      | Found a sand-covered staircase.
  3559 | Ossuary  | Entered an ossuary
  3819 | Ossuary  | Reached skill level 8 in Fighting
  4643 | D:5      | Found Piejar's Book Boutique.
  4680 | D:5      | Found a staircase to the Ecumenical Temple.
  4689 | Temple   | Entered the Ecumenical Temple
  5079 | D:2      | Bought a scroll of teleportation for 30 gold pieces
  5079 | D:2      | Bought a scroll of teleportation for 30 gold pieces
  5079 | D:2      | Bought a scroll of teleportation for 30 gold pieces
  5079 | D:2      | Bought a scroll of teleportation for 30 gold pieces
  5079 | D:2      | Bought a scroll of teleportation for 30 gold pieces
  5216 | D:6      | Reached skill level 5 in Dodging
  6054 | D:6      | Reached skill level 9 in Fighting
  6663 | D:6      | Identified the +3 mace of Izolid {chaos, rN+ Int-4 SInv}
  6769 | D:7      | Noticed a yak
  6769 | D:7      | Noticed a yak
  6769 | D:7      | Noticed a yak
  6787 | D:6      | Killed a yak
  7045 | D:6      | Killed a yak
  7046 | D:6      | Reached XP level 9. HP: 73/100 MP: 10/10
  7424 | D:7      | Noticed a troll
  7431 | D:7      | Killed a troll
  7432 | D:7      | Reached skill level 10 in Fighting
  7513 | D:7      | Noticed a hornet
  7521 | D:7      | Killed a hornet
  7759 | D:7      | Noticed Pikel
  7776 | D:7      | Noticed Joseph
  7786 | D:7      | Killed Pikel
  7815 | D:7      | Killed Joseph
  7816 | D:7      | Reached skill level 11 in Fighting
  7816 | D:7      | Reached XP level 10. HP: 76/113 MP: 11/11
  8163 | Temple   | Fell from the grace of Ignis
  8163 | Temple   | Became a worshipper of Uskayaw the Reveller
  8277 | D:7      | Reached * piety under Uskayaw
  8403 | D:8      | Reached ** piety under Uskayaw
  8440 | D:8      | Reached *** piety under Uskayaw
  8593 | D:8      | Reached **** piety under Uskayaw
  8809 | D:8      | You fall into a shaft and drop 1 floor!
  8837 | D:9      | Noticed a two-headed ogre
  8839 | D:9      | Noticed a two-headed ogre
  8841 | D:9      | a two-headed ogre changed into a shining eye
  8841 | D:9      | Noticed a shining eye
  8842 | D:9      | Gained mutation: You occasionally lose the ability to read
                  | scrolls when taking damage. [a shining eye]
  8843 | D:9      | Gained mutation: Your health recovers twice as slowly from
                  | being drained. [a shining eye]
  8846 | D:9      | Killed a shining eye
  8847 | D:9      | Reached skill level 12 in Fighting
  8852 | D:9      | Killed a two-headed ogre
  9502 | D:9      | Identified the +7 long sword of Eptakeax {vamp, ^Drain
                  | +Blink Int+5}
 10030 | D:9      | Found a sparkling altar of Nemelex Xobeh.
 10130 | D:10     | Entered Level 10 of the Dungeon
 10192 | D:10     | Reached skill level 10 in Axes
 10192 | D:10     | Reached XP level 11. HP: 81/126 MP: 12/12
 10193 | D:10     | Reached skill level 13 in Fighting
 10194 | D:10     | Reached ***** piety under Uskayaw
 10390 | D:10     | Found a staircase to the Lair.
 10797 | D:10     | You fall into a shaft and drop 1 floor!
 10797 | D:11     | Found an opulent altar of Gozag.
 11288 | D:10     | Was forgiven by Ignis
 11353 | D:10     | Noticed a two-headed ogre
 11361 | D:10     | Killed a two-headed ogre
 11714 | D:10     | Noticed a two-headed ogre
 11720 | D:10     | Slain by a two-headed ogre

Illustrated notes

Levels and vault maps discovered:
D:1:      tarquinn_simple_flora_water_f, layout_basic
D:2:      layout_loops_ring, serial_shops, nicolae_shop_tiny_glass,
          minmay_cupped, uniq_sigmund, uniq_terence, uniq_robin
D:3:      minmay_general_purpose_star, layout_basic,
          corexii_item_surrounded_by_moat, uniq_grinder
D:4:      layout_loops_cross, mainiacjoe_overflow_catch_the_wave
D:5:      layout_basic, minmay_temple_entry_poolview, serial_shops, shop,
          enter_ossuary_2
D:6:      layout_loops_corners
D:7:      layout_rooms, chequers_serial_rivers_micro_e, uniq_joseph, uniq_pikel
D:8:      minmay_the_grid_triangle_9x9_rhombus_thin
          [minmay_the_grid_triangle_9x9_flanged_cone,
          minmay_the_grid_triangle_9x9_prize_insulated,
          minmay_the_grid_triangle_9x9_dagger,
          minmay_the_grid_triangle_9x9_corruption], layout_basic, st_stairs_12
D:9:      layout_long_grid, nemelex_spade_bored_becter, minmay_misc_feat_encased
D:10:     layout_long_grid, erik_lair_island, serial_co_window_serial,
          co_window_paths_b, co_window_of_opportunity_a, co_window_cross_1,
          co_window_cross_1, co_window_paths_a, co_window_unsneaky_path_b,
          co_window_corner_cb, co_window_cross_3, co_window_corner_ca,
          co_window_2corner, co_window_unsneaky_path_a,
          co_window_unsneaky_path_e, glass_columns_c, glass_columns_c,
          glass_columns_b
D:11:     layout_loops_ring, orc_0_dummy, grunt_gozag_statues
Temple:   hellmonk_temple_of_storms

Skill      XL: |  1  2  3  4  5  6  7  8  9 10 11 |
---------------+----------------------------------+-----
Dodging        | 1 2 3 4 5 7 8 9 |  9.3
Fighting       | 5 6 7 9 11 12 13 | 13.7
Axes           | 4 5 7 8 10 | 10.6
Spellcasting   | |  1.2
Fire Magic     | |  2.6

Action                     |  1- 3 |  4- 6 |  7- 9 | 10-12 || total
---------------------------+-------+-------+-------+-------++-------
  Melee: Hand axe          |    45 |   114 |   410 |    37 ||   606
         Headbutt          |     5 |    18 |    63 |    46 ||   132
         Punch             |       |     1 |     8 |     1 ||    10
         Battleaxe         |       |       |       |   228 ||   228
   Cast: Scorch            |       |       |     7 |       ||     7
 Invoke: Fiery Armour      |     1 |     1 |     3 |       ||     5
         Foxfire Swarm     |     1 |     1 |     3 |       ||     5
         Rising Flame      |       |     1 |       |       ||     1
  Evoke: Wand              |       |       |       |    11 ||    11
    Use: Scroll            |     1 |     2 |     7 |     1 ||    11
         Potion            |       |       |     1 |     4 ||     5
   Stab: Paralysed         |       |       |       |    21 ||    21
 Armour: Robe              |    32 |    68 |   290 |       ||   390
         Troll leather arm |       |       |    57 |   343 ||   400
  Dodge: Dodged            |    20 |    62 |   188 |   164 ||   434

Table legend: (Time is in decaauts)
 A = Elapsed time spent in this place.
 B = Non-inter-level travel time spent in this place.
 C = Inter-level travel time spent in this place.
 D = Time resting spent in this place.
 E = Time spent auto-exploring this place.
 F = Levels seen in this place.
 G = Mean time per level.
                   A        B        C        D        E       F      G
               +--------+--------+--------+--------+--------+-----+--------+
         Total |  11794 |  11222 |    572 |   2186 |   6755 |  13 |  907.2 |
       Dungeon |  11127 |  10555 |    572 |   2030 |   6496 |  11 | 1011.5 |
        Temple |     91 |     91 |      0 |      0 |      0 |   1 |   91.0 |
       Ossuary |    575 |    575 |      0 |    156 |    259 |   1 |  575.0 |
               +--------+--------+--------+--------+--------+-----+--------+

Top non-repeatable levels by time:
     D:6: 2169 daAuts
    D:10: 1365 daAuts
     D:9: 1335 daAuts
     D:2: 1130 daAuts
     D:5: 1017 daAuts
     D:7: 921 daAuts
     D:3: 914 daAuts
     D:4: 848 daAuts
     D:1: 731 daAuts
 Ossuary: 575 daAuts
     D:8: 435 daAuts
    D:11: 258 daAuts
  Temple: 91 daAuts
